 Dungeon Crawl Stone Soup version 0.23-a0-638-gc52245b (webtiles) character file.

10474 Darkshadow the Cleaver (level 11, -9/101 HPs)
             Began as a Minotaur Berserker on Dec 26, 2018.
             Was an Elder of Trog.
             Mangled by a two-headed ogre
             ... wielding a +0 giant club
              (12 damage)
             ... on level 10 of the Dungeon on Dec 28, 2018.
             The game lasted 00:34:23 (11515 turns).

Darkshadow the Cleaver (Minotaur Berserker)        Turns: 11515, Time: 00:34:23

Health: -9/101     AC: 18    Str: 22    XL:     11   Next: 36%
Magic:  10/10      EV:  8    Int:  6    God:    Trog [****..]
Gold:   757        SH:  0    Dex: 13    Spells: 10/10 levels left

rFire    . . .     SeeInvis .   I - +3 hand axe (chop)
rCold    . . .     Gourm    .   (no shield)
rNeg     . . .     Faith    .   e - +1 plate armour
rPois    .         Spirit   .   (helmet restricted)
rElec    .         Reflect  .   y - +0 cloak
rCorr    .         Harm     .   (no gloves)
MR       .....                  T - +0 pair of boots
Stlth    ..........             (no amulet)
HPRegen  0.26/turn              o - +2 ring of intelligence
MPRegen  0.12/turn              (no ring)

@: berserk cooldown, slowed, very slow
A: retaliatory headbutt, horns 2
a: Berserk, Trog's Hand, Brothers in Arms, Renounce Religion


You were on level 10 of the Dungeon.
You worshipped Trog.
Trog was greatly pleased with you.
You were hungry.

You visited 1 branch of the dungeon, and saw 11 of its levels.
You also visited: Sewer and Ossuary.

You collected 757 gold pieces.

Inventory:

Hand Weapons
 a - a +0 hand axe
 G - a +0 war axe
 I - a +3 hand axe of chopping (weapon)
Missiles
 d - 518 stones (quivered)
 w - 8 tomahawks
 S - 2 throwing nets
Armour
 b - a +0 animal skin
 e - a +1 plate armour (worn)
 j - a +0 scale mail
 n - a +0 large shield
 y - a +0 cloak (worn)
 T - a +0 pair of boots (worn)
Jewellery
 o - a +2 ring of intelligence (left hand)
 J - the macabre finger necklace {rN+}
   (You found it on level 7 of the Dungeon)

   [amulet of nothing]

   It protects you from negative energy.
 R - a +2 ring of evasion {unknown}
Wands
 u - a wand of flame (27)
 F - a wand of polymorph (19)
 L - a wand of paralysis (4)
 N - a wand of disintegration (15)
 U - a wand of enslavement (4)
Scrolls
 f - 4 scrolls of identify {@r1}
 h - 6 scrolls of remove curse {@r2}
 i - a scroll of enchant armour
 k - a scroll of enchant weapon
 p - 2 scrolls of fog
 q - a scroll of fear
 s - 2 scrolls of teleportation
 t - a scroll of noise
 M - 3 scrolls of random uselessness {unknown}
 O - 2 scrolls of immolation {unknown}
 Q - 2 scrolls of magic mapping {unknown}
Potions
 g - 4 potions of haste
 l - 4 potions of agility
 m - 4 potions of brilliance
 r - 2 potions of mutation
 v - a potion of degeneration
 x - 2 potions of flight {unknown}
 z - 3 potions of invisibility
 A - 6 potions of curing {@q1}
 B - a potion of berserk rage {unknown}
 C - a potion of cancellation {unknown}
 D - 3 potions of lignification
 E - a potion of might {unknown}
 H - 2 potions of resistance {unknown}
 K - a potion of heal wounds {unknown}
 P - 2 potions of magic {unknown}
Comestibles
 c - 16 rations
 V - 2 chunks of flesh


   Skills:
 + Level 10.4 Fighting
 * Level 13.3 Axes
 + Level 10.1 Armour
 - Level 3.7 Dodging
 + Level 9.2 Shields


You had 10 spell levels left.
You didn't know any spells.
Your spell library was empty.

Dungeon Overview and Level Annotations

Branches:
Dungeon (11/15)            Temple (0/1) D:7            Lair (0/6) D:10
    Orc: D:9-12

Altars:
Cheibriados
Elyvilon
Fedhas
Kikubaaqudgha
Nemelex Xobeh
Okawaru
Qazlal
The Shining One


Innate Abilities, Weirdness & Mutations

You reflexively headbutt those who attack you in melee.
You have a pair of horns on your head.


Message History

Okay, then.
That item cannot be evoked!
Evoke which item? (* to show all) (? for menu, Esc to quit)
Aiming: Paralyse
Press: ? - help, Shift-Dir - straight line, f - two-headed ogre
Aim: a two-headed ogre, wielding a +0 giant club and a +0 giant spiked club
Okay, then.
Evoke which item? (* to show all) (? for menu, Esc to quit)
Okay, then.
Evoke which item? (* to show all) (? for menu, Esc to quit)
Aiming: Throw Flame
Press: ? - help, Shift-Dir - straight line, f - two-headed ogre
Aim: a two-headed ogre, wielding a +0 giant club and a +0 giant spiked club The puff of flame hits the two-headed ogre.
The two-headed ogre is almost dead.
The two-headed ogre hits you with a +0 giant club!
* * * LOW HITPOINT WARNING * * *
The two-headed ogre hits you but does no damage. x2
The two-headed ogre hits you with a +0 giant spiked club!
You die...

#.##.#####.#........#.##.##.##.#.
#.##.#####.#..##.........##.#..#.
...#.......#...####.#.#####.#.##.
...##########|......#.#####.#.##.
...# ##.######............
...###########.## #.....#####.###
................###.....# ###.###
........######(.).......# #......
.......##.......@O#.....# #.#.###
...######.#.##.##.#.....# #.#.###
...# #.#.##.##.####### #.#..##
...# #.#....#.......# #.##.##
...# #......#.......# #.##.##
#.## #.#.##.#..####.# #...... ..#
#.........#....# ####.##
#########.#.........#..#######.#
.......##.####.#...............#


You could see a two-headed ogre.

Vanquished Creatures
  Snorg (D:10)
  A two-headed ogre (D:10)
  A cyclops (D:11)
  An ugly thing (D:11)
  2 centaur zombies
  Joseph (D:9)
  A komodo dragon (D:10)
  A troll (D:10)
  2 hippogriffs
  A shadow (D:11)
  A spriggan (D:10)
  5 yaks (D:11)
  A hungry ghost (D:8)
  Menkaure (D:5)
  A water moccasin (D:8)
  Duvessa (D:7)
  Purgy (Sewer)
  An orc warrior (D:6)
  A black bear (D:7)
  4 sky beasts
  2 ice beasts
  A necrophage (D:8)
  4 ogres
  2 eyes of draining (D:11)
  A phantom (D:9)
  4 centaurs
  A big kobold (D:8)
  4 bullfrogs
  Dowan (D:7)
  4 water moccasin zombies
  4 earth elementals (D:10)
  3 scorpions
  6 wights
  6 howler monkeys
  4 crimson imps
  7 orc priests
  3 hounds
  3 centaur skeletons
  10 orc wizards
  2 bullfrog skeletons (D:11)
  An iguana (D:10)
  7 worker ants
  4 big kobold zombies (Ossuary)
  3 mummies
  6 gnolls
  2 river rats (D:5)
  10 adders
  5 shadow imps
  2 oozes (D:1)
  An adder skeleton (D:5)
  9 adder zombies
  A worm (D:2)
  2 dart slugs (D:1)
  6 leopard geckos
  42 orcs
  5 ball pythons
  8 bats
  6 giant cockroaches
  5 gnoll zombies (Ossuary)
  11 goblins
  9 hobgoblins
  15 jackals
  16 kobolds
  A quokka (D:4)
  8 frilled lizards
  4 hobgoblin zombies (Ossuary)
  A jackal zombie (D:5)
  6 kobold zombies
  5 orc zombies
  9 rats
  2 plants (D:10)
313 creatures vanquished.

Vanquished Creatures (others)
  2 plants (D:10)
2 creatures vanquished.

Grand Total: 315 creatures vanquished

Notes
Turn   | Place    | Note
-------+----------+-------------------------------------------
     0 | D:1      | Darkshadow the Minotaur Berserker began the quest for the
                  | Orb.
     0 | D:1      | Reached XP level 1. HP: 19/19 MP: 0/0
    42 | D:1      | Reached XP level 2. HP: 22/27 MP: 1/1
    82 | D:1      | Reached skill level 4 in Axes
   348 | D:1      | Reached XP level 3. HP: 30/33 MP: 2/2
   531 | D:1      | Reached ** piety under Trog
  1155 | D:2      | Reached XP level 4. HP: 36/40 MP: 3/3
  1221 | D:2      | Found a glowing golden altar of the Shining One.
  1259 | D:2      | Found an ancient bone altar of Kikubaaqudgha.
  1799 | D:3      | Reached XP level 5. HP: 47/47 MP: 4/4
  1826 | D:3      | Reached *** piety under Trog
  1832 | D:3      | Reached skill level 5 in Axes
  1832 | D:3      | Reached skill level 1 in Shields
  2037 | D:3      | Found a sparkling altar of Nemelex Xobeh.
  2926 | D:4      | Found a sand-covered staircase.
  2929 | D:4      | Reached skill level 5 in Fighting
  2933 | Ossuary  | Entered an ossuary
  2972 | Ossuary  | Reached XP level 6. HP: 47/56 MP: 5/5
  3005 | Ossuary  | Reached **** piety under Trog
  3207 | Ossuary  | Reached skill level 5 in Armour
  3207 | Ossuary  | Reached XP level 7. HP: 49/62 MP: 6/6
  3778 | D:5      | Entered Level 5 of the Dungeon
  3785 | D:4      | Reached skill level 6 in Axes
  3833 | D:5      | Found a white marble altar of Elyvilon.
  3939 | D:5      | Found an iron altar of Okawaru.
  3956 | D:5      | Noticed Menkaure
  3964 | D:5      | Killed Menkaure
  3987 | D:5      | Reached skill level 7 in Axes
  3992 | D:5      | Reached XP level 8. HP: 26/71 MP: 7/7
  4211 | D:5      | Found a glowing drain.
  4225 | Sewer    | Entered a sewer
  4286 | Sewer    | Noticed Purgy
  4299 | Sewer    | Killed Purgy
  4968 | D:6      | Reached skill level 8 in Axes
  5129 | D:6      | Upgraded the game from 0.23-a0-629-gae4348f to
                  | 0.23-a0-638-gc52245b
  5722 | D:6      | Reached skill level 5 in Shields
  6086 | D:7      | Reached ***** piety under Trog
  6086 | D:7      | Reached skill level 9 in Axes
  6098 | D:7      | Reached XP level 9. HP: 72/79 MP: 8/8
  6609 | D:7      | Noticed Duvessa
  6619 | D:7      | Killed Duvessa
  6625 | D:7      | Noticed Dowan
  6634 | D:7      | Killed Dowan
  6739 | D:7      | Found the macabre finger necklace {rN+}
  6801 | D:7      | Found a staircase to the Ecumenical Temple.
  6873 | D:8      | Reached skill level 10 in Axes
  7197 | D:8      | Received a gift from Trog
  7621 | D:8      | Reached XP level 10. HP: 87/90 MP: 9/9
  7727 | D:9      | Reached skill level 11 in Axes
  7784 | D:9      | Received a gift from Trog
  7787 | D:9      | Noticed Joseph
  7790 | D:9      | Paralysed by Joseph for 5 turns
  7803 | D:9      | Killed Joseph
  7913 | D:9      | Found a stormy altar of Qazlal.
  8232 | D:9      | Found a blossoming altar of Fedhas.
  8233 | D:9      | Found a snail-covered altar of Cheibriados.
  8670 | D:10     | Entered Level 10 of the Dungeon
  9473 | D:10     | Found a staircase to the Lair.
  9511 | D:10     | Reached skill level 12 in Axes
  9689 | D:10     | Noticed Snorg
  9708 | D:10     | Killed Snorg
 10488 | D:11     | Reached XP level 11. HP: 99/99 MP: 10/10
 10573 | D:11     | Reached skill level 10 in Fighting
 11093 | D:11     | Reached skill level 13 in Axes
 11105 | D:11     | Noticed a cyan ugly thing
 11121 | D:11     | Killed a cyan ugly thing
 11121 | D:11     | Reached skill level 10 in Armour
 11300 | D:11     | Noticed a two-headed ogre
 11317 | D:11     | Noticed a two-headed ogre
 11492 | D:10     | Killed a two-headed ogre
 11515 | D:10     | HP: 3/101 [two-headed ogre/+0 giant club (10)]
 11515 | D:10     | Mangled by a two-headed ogre

Vault maps used:
D:1:      erik_arrival_gehennom
D:2:      kiku_gazebo_garden_becter, old_standard_altar, st_stairs_8
D:3:      nemelex_xobeh_ov_fountains_minmay, first_ration
D:4:      nicolae_ossuary_entry_giza
D:5:      nicolae_overflow_crystal_walls, elyvilon_altar_1,
          portal_sewer_entry_b, uniq_menkaure
D:7:      minmay_temple_entry_trees, uniq_duvessa
D:9:      grunt_temple_overflow_open, grunt_qazlal_sundering, uniq_joseph
D:10:     minmay_stone_box, david_lair_shrubbed, the_bakery, skrybe_limestone_x,
          uniq_snorg
D:11:     kennysheep_orc_monster_closet_entryway, kennysheep_pointless_box,
          minmay_sticks_and_stones, uniq_josephine
Sewer:    sewer_big_baddie
Ossuary:  ossuary_tomb_2

Skill      XL: |  1  2  3  4  5  6  7  8  9 10 11 |
---------------+----------------------------------+-----
Axes           | 4 5 7 9 10 12 13 | 13.3
Fighting       | 4 5 6 7 8 9 10 | 10.4
Armour         | 3 4 5 7 8 9 10 | 10.1
Dodging        | 3 |  3.7
Shields        | 1 2 3 5 7 8 9 |  9.2

Action                   |  1- 3 |  4- 6 |  7- 9 | 10-12 || total
-------------------------+-------+-------+-------+-------++-------
Melee: Hand axe          |    79 |   195 |   163 |   264 ||   701
       Headbutt          |     8 |    48 |    71 |    88 ||   215
       War axe           |       |       |   145 |    28 ||   173
Throw: Stone             |       |       |    12 |     4 ||    16
Invok: Berserk           |     1 |     3 |     9 |     8 ||    21
       Trog's Hand       |       |       |     1 |     1 ||     2
       Brothers in Arms  |       |       |       |     1 ||     1
Evoke: Wand              |       |       |       |     1 ||     1
  Use: Scroll            |       |       |     8 |     9 ||    17
  Eat: Chunk             |     1 |     6 |    21 |    10 ||    38
       Ration            |       |     1 |     1 |     3 ||     5
Armor: Animal skin       |     6 |       |       |       ||     6
       Scale mail        |     9 |    83 |    76 |       ||   168
       Plate armour      |       |       |   107 |   113 ||   220
Dodge: Dodged            |    49 |   105 |   160 |    75 ||   389

Table legend:
 A = Non-vault XP
 B = Vault XP
 C = Vault XP percentage of total XP
 D = Non-vault monster count
 E = Vault monster count
 F = Vault count percentage of total count
                 A         B        C        D         E       F
            +---------+---------+-------+---------+---------+-------
      Total |   10876 |    4087 |  27.3 |     244 |      67 |  21.5
            +---------+---------+-------+---------+---------+-------
        D:1 |      49 |      19 |  27.9 |      24 |       5 |  17.2
        D:2 |      48 |       2 |   4.0 |      20 |       1 |   4.8
        D:3 |     179 |       0 |   0.0 |      39 |       0 |   0.0
        D:4 |      84 |      20 |  19.2 |      10 |       3 |  23.1
        D:5 |     685 |     205 |  23.0 |      14 |       6 |  30.0
        D:6 |     632 |       0 |   0.0 |      19 |       0 |   0.0
        D:7 |    1112 |     223 |  16.7 |      17 |       2 |  10.5
        D:8 |    1691 |       0 |   0.0 |      40 |       0 |   0.0
        D:9 |    1541 |     445 |  22.4 |      28 |       1 |   3.4
       D:10 |    1870 |    2044 |  52.2 |       8 |       7 |  46.7
       D:11 |    2985 |     541 |  15.3 |      25 |       1 |   3.8
      Sewer |       0 |     150 | 100.0 |       0 |       6 | 100.0
    Ossuary |       0 |     438 | 100.0 |       0 |      35 | 100.0
            +---------+---------+-------+---------+---------+-------
